 Dungeon Crawl Stone Soup version 0.29.0-5-ge4962eb29e (webtiles) character file.

Game seed: 17216818050246081210

409 Sabo the Gusty (level 6, -3/38 HPs)
             Began as an Octopode Air Elementalist on Aug 29, 2022.
             Was a Believer of Fedhas.
             Slain by an orc
             ... wielding a +0 flail
              (8 damage)
             ... on level 5 of the Dungeon.
             The game lasted 00:37:33 (5341 turns).

Sabo the Gusty (Octopode Air Elementalist)          Turns: 5341, Time: 00:37:33

Health: -3/38      AC:  1    Str: 20    XL:     6   Next: 89%
Magic:  9/20       EV: 13    Int: 26    God:    Fedhas [**....]
Gold:   235        SH:  0    Dex: 12    Spells: 7/12 levels left

rFire   . . .      SeeInvis .   u - +3 great sword "Goblinbane" {holy, rPois rN++ Str+7}
rCold   . . .      Faith    .   (shield currently unavailable)
rNeg    + + .      Spirit   .   (helmet restricted)
rPois   +          Reflect  .   (no amulet)
rElec   .          Harm     .   d - ring of magical power
rCorr   .          Rampage  .   g - +6 ring of strength
Will    .....                   c - +6 ring of intelligence
Stlth   +++.......              (no ring)
HPRegen 0.12/turn               (no ring)
MPRegen 0.17/turn               (no ring)
                                (no ring)
                                (no ring)

@: no status effects
A: almost no armour, amphibious, 8 rings, camouflage 1, gelatinous body 1,
(nimble swimmer 1), tentacles
a: Renounce Religion, Wall of Briars


You were on level 5 of the Dungeon.
You worshipped Fedhas.
Fedhas was pleased with you.
You visited 1 branch of the dungeon, and saw 5 of its levels.

You collected 235 gold pieces.

Inventory:

Hand Weapons
 n - a +0 hand axe
 s - a +0 arbalest
 u - the +3 great sword "Goblinbane" (weapon) {holy, rPois rN++ Str+7}
   (You found it on level 4 of the Dungeon)

   It has been blessed by the Shining One to cause great damage to the undead
   and demons.
   Str:       It affects your strength (+7).
   rPois:     It protects you from poison.
   rN:        It greatly protects you from negative energy.
 v - a +0 trident of flaming
Missiles
 m - 2 poisoned darts
Jewellery
 c - a +6 ring of intelligence (on tentacle)
 d - a ring of magical power (left tentacle)
 g - a +6 ring of strength (right tentacle)
Wands
 p - a wand of charming (12)
Scrolls
 e - a scroll of amnesia
 j - a scroll of teleportation
 r - 2 scrolls of enchant armour
 w - a scroll of identify
Potions
 a - 3 potions of magic
 b - a potion of flight {unknown}
 f - 2 potions of lignification {unknown}
 h - a potion of might {unknown}
 i - a potion of invisibility {unknown}
 k - a potion of resistance {unknown}
 l - a potion of curing
 o - a potion of heal wounds {unknown}
 q - a potion of attraction {unknown}
 t - a potion of haste {unknown}


   Skills:
 + Level 1.4 Fighting
 + Level 0.1(0.4) Short Blades
 + Level 0.5(0.6) Long Blades
 + Level 0.6 Axes
 + Level 1.5 Ranged Weapons
 + Level 2.7 Dodging
 + Level 3.7 Stealth
 + Level 3.7 Spellcasting
 + Level 2.7 Conjurations
 + Level 4.3 Air Magic


You had 7 spell levels left.
You knew the following spells:

 Your Spells              Type           Power      Damage    Failure   Level
a - Shock                 Conj/Air       92%        1d8       1%          1
b - Airstrike             Air            13%        2d(2-18)  14%         4

Your spell library contained the following spells:

 Spells                   Type           Power      Damage    Failure   Level
 Static Discharge         Conj/Air       23%        3-6/arc   3%          2
 Swiftness                Air            27%        N/A       4%          3
 Summon Small Mammal      Summ           16%        N/A       9%          1
 Call Canine Familiar     Summ           4%         N/A       26%         3
 Portal Projectile        Hex/Tloc       8%         N/A       26%         3
 Summon Guardian Golem    Hex/Summ       4%         N/A       26%         3
 Leda's Liquefaction      Hex/Erth       2%         N/A       65%         4


Dungeon Overview and Level Annotations

Branches:
Dungeon (5/15)
 Temple: D:4-7

Altars:
Ashenzari
Fedhas
Qazlal

Shops:
D:4 [?


Innate Abilities, Weirdness & Mutations

You cannot wear most types of armour.
You are amphibious.
You can wear up to eight rings at the same time.
Your skin changes colour to match your surroundings (Stealth+).
Your rubbery body absorbs attacks. (AC +1, EV +1)
((You are camouflaged when in or above water. (Stealth+)))
You have tentacles for arms and can constrict up to eight enemies at once.


Message History

You completely miss the orc wizard. Your grab misses the orc wizard.
The orc wizard is severely wounded.
Something hits you.
* * * LOW HITPOINT WARNING * * *
The orc completely misses you.
The orc wizard gestures at you while chanting.
You are confused.
Okay, then.
You're too confused to cast spells.
You're too confused to cast spells.
You're too confused to cast spells.
You're too confused to cast spells.
Okay, then.
You're too confused to cast spells.
You feel better.
You hear some strange, mumbled words.
Something tries to affect you, but you resist.
The orc barely misses you.
The orc wizard gestures at you while chanting.
The magic dart hits you.
* * * LOW HITPOINT WARNING * * *
Casting: Shock (safe; 2% risk of failure)
Confirm with . or Enter, or press ? or * to list all spells.
The spell is quite dangerous to miscast (16% risk of failure)!
Continue anyway?
Uppercase [Y]es or [N]o only, please.
The spell is quite dangerous to miscast (16% risk of failure)!
Continue anyway?
Aiming: Airstrike (quite dangerous; 16% risk of failure)
Press: ? - help, Dir - move target, f/p - orc wizard
Aim: an orc wizard, wielding a +0 dagger and wearing a +0 robe (severely wounded, empty space bonus: 3/8)
The air twists around and strikes the orc wizard!
You kill the orc wizard!
Fedhas appreciates your contribution to the ecosystem.
Something hits you.
* * * LOW HITPOINT WARNING * * *
The orc misses you.
You feel better. Something hits you.
* * * LOW HITPOINT WARNING * * *
The orc hits you with a +0 flail!
You die...
Fedhas appreciates your contribution to the ecosystem.

#.#.# #)#.....
#...######)##.###
###..............
#.#########.###
####.####### ...
#..<........ ..##
#####.##.######.
..# #.....{......
#.##.@##..###
#o)##..#
#..##....
....>#.### #.....
.# #...?. ......
.......#


You could see an orc.

Vanquished Creatures
  An ogre (D:4)
  A necrophage (D:5)
  A hound (D:3)
  A gnoll bouda (D:5)
  An iguana (D:5)
  An orc wizard (D:5)
  3 gnolls (D:5)
  3 adders
  A worm (D:4)
  5 dart slugs
  7 orcs
  8 bats
  2 endoplasms
  2 giant cockroaches
  16 goblins
  7 hobgoblins
  9 kobolds
  4 quokkas
  4 ball pythons
  2 frilled lizards (D:1)
  4 rats
83 creatures vanquished.

Notes
Turn   | Place    | Note
-------+----------+-------------------------------------------
     0 | D:1      | Sabo the Octopode Air Elementalist began the quest for the
                  | Orb.
     0 | D:1      | Reached XP level 1. HP: 11/11 MP: 3/3
   513 | D:1      | Reached XP level 2. HP: 17/17 MP: 5/5
   644 | D:1      | Found a faded altar of an unknown god.
   657 | D:1      | Prayed at the altar of an unknown god.
   657 | D:1      | Became a worshipper of Fedhas Madash
   657 | D:1      | Reached * piety under Fedhas
  1171 | D:1      | Reached XP level 3. HP: 21/21 MP: 6/6
  2081 | D:2      | Reached ** piety under Fedhas
  2082 | D:2      | Reached skill level 1 in Fighting
  2174 | D:2      | Reached XP level 4. HP: 28/28 MP: 7/7
  3209 | D:3      | Found a stormy altar of Qazlal.
  3361 | D:3      | Reached XP level 5. HP: 33/33 MP: 9/9
  3585 | D:4      | Found Deshean's Magic Scroll Shoppe.
  3877 | D:4      | Learned a level 4 spell: Airstrike
  3964 | D:4      | Found a broken altar of Ashenzari.
  3986 | D:4      | Noticed an ogre
  3996 | D:4      | Killed an ogre
  3997 | D:4      | Reached skill level 4 in Air Magic
  4346 | D:4      | Reached XP level 6. HP: 18/38 MP: 11/11
  4692 | D:4      | Reached skill level 1 in Ranged Weapons
  4715 | D:4      | Identified the +3 great sword "Goblinbane" {holy, rPois
                  | rN++ Str+7}
  4768 | D:4      | Found Veafryod's Armour Boutique.
  4870 | D:5      | Entered Level 5 of the Dungeon
  5341 | D:5      | Slain by an orc

Illustrated notes

Levels and vault maps discovered:
D:1:      dpeg_arrival_rooms_with_view, layout_basic,
          nicolae_ecumenical_lake_church
D:2:      kennysheep_the_goblin_king, layout_rooms
D:3:      layout_basic, mainiacjoe_overflow_tiny_flanked
D:4:      layout_rooms, mainiacjoe_overflow_24_doors, serial_shops,
          nicolae_shop_hallway_plus, nicolae_stop_n_shop_1, minivault_25,
          kennysheep_generic_room_11
D:5:      layout_loops_ring, lemuel_mausoleum_altar_yredelemnul, serial_shops,
          nicolae_shop_waterfront, mrwooster_statue_mirror, minmay_statues_item,
          minmay_misc_feat_room, due_unseen_surprise, uniq_edmund

Skill      XL: |  1  2  3  4  5  6 |
---------------+-------------------+-----
Stealth        | 3 |  3.7
Fighting       | 1 |  1.4
Spellcasting   | 3 |  3.7
Conjurations   | 2 |  2.7
Air Magic      | 4 |  4.3
Ranged Weapons | 1 |  1.5
Short Blades   | |  0.1
Long Blades    | |  0.5
Axes           | |  0.6
Dodging        | |  2.7

Action                   |  1- 3 |  4- 6 || total
-------------------------+-------+-------++-------
Melee: Unarmed           |     7 |       ||     7
       Constrict         |     6 |     5 ||    11
       Tentacles         |     5 |     3 ||     8
       Short sword       |    13 |       ||    13
       Hand axe          |     4 |    11 ||    15
       Long sword        |       |     2 ||     2
       Great sword       |       |     9 ||     9
 Fire: Arbalest          |       |    15 ||    15
 Cast: Shock             |    75 |   104 ||   179
       Airstrike         |       |     1 ||     1
  Use: Scroll            |       |     7 ||     7
       Potion            |       |     4 ||     4
 Stab: Sleeping          |       |     1 ||     1
Armor: Skin              |     3 |     2 ||     5
Dodge: Dodged            |    17 |    33 ||    50
